 Dungeon Crawl Stone Soup version 0.31-a0-486-g8d68a81214 (webtiles) character file.

Game seed: 11066987698140253794

24117 arthad the Slicer (level 13, -30/101 HPs)
             Began as a Gnoll Wanderer on Aug 8, 2023.
             Was a Priest of Elyvilon.
             Annihilated by a reaper
             ... wielding a +2 scythe of freezing
              (41 damage)
             ... in an ice cave.
             The game lasted 01:14:01 (17410 turns).

arthad the Slicer (Gnoll Wanderer)                 Turns: 17410, Time: 01:14:02

Health: -30/101    AC: 11    Str:  9 (14) XL:     13   Next: 11%
Magic:  16/25      EV: 18    Int:  7 (10) God:    Elyvilon [***...]
Gold:   539        SH:  9    Dex: 22      Spells: 15/29 levels left

rFire   . . .        f - +0 short sword (elec)
rCold   + + .        P - +2 buckler {rC+}
rNeg    . . .        e - +0 robe
rPois   .            q - +1 helmet
rElec   .            E - +0 cloak
rCorr   .            n - +2 pair of gloves
SInv    .            c - +0 pair of boots
Will    .....        (no amulet)
Stlth   ++++         z - ring of protection from cold
HPRegen 0.36/turn    F - +6 ring of dexterity
MPRegen 0.19/turn

%: no passive effects
@: about to teleport, hasted, very quick
A: fangs 1, strong nose, distributed training, deterioration 1
a: Renounce Religion, Purification, Heal Other, Heal Self


You were in an ice cave.
You worshipped Elyvilon.
Elyvilon was most pleased with you.
You visited 1 branch of the dungeon, and saw 13 of its levels.
You also visited: Sewer, Ossuary and Ice Cave.

You collected 572 gold pieces.
You spent 33 gold pieces at shops.

Inventory:

Hand Weapons
 a - a +2 short sword
 b - a +0 mace
 d - a +0 dagger of venom
 f - a +0 short sword of electrocution (weapon)
 h - a +0 flail of freezing
 o - a +0 hand axe of electrocution
 w - a +2 dagger of speed
 B - a +2 flail of protection
 G - a +0 rapier
 T - a +0 short sword of holy wrath
Missiles
 x - 21 poisoned darts (quivered)
 K - 3 curare-tipped darts
Armour
 c - a +0 pair of boots (worn)
 e - a +0 robe (worn)
 n - a +2 pair of gloves (worn)
 q - a +1 helmet (worn)
 E - a +0 cloak (worn)
 H - an orb of wrath
 P - a +2 buckler of cold resistance (worn)
 Q - a +2 tower shield
 U - a +0 troll leather armour
Jewellery
 z - a ring of protection from cold (left hand)
 F - a +6 ring of dexterity (right hand)
 M - a +6 ring of strength
Wands
 l - a wand of digging (7)
 C - a wand of polymorph (1)
 N - a wand of iceblast (8)
Scrolls
 j - 2 scrolls of amnesia
 k - 2 scrolls of poison
 r - 6 scrolls of enchant weapon
 t - a scroll of fog
 y - a scroll of brand weapon
 A - 2 scrolls of revelation
 I - 4 scrolls of teleportation
 J - a scroll of enchant armour
 R - a scroll of vulnerability
Potions
 g - a potion of cancellation
 m - 5 potions of enlightenment
 p - a potion of brilliance
 s - 6 potions of lignification
 u - a potion of magic
 v - 7 potions of curing
 D - 2 potions of degeneration


   Skills:
 + Level 9.4 Fighting
 + Level 10.5 Short Blades
 + Level 8.1 Long Blades
 + Level 8.1 Axes
 + Level 9.4 Maces & Flails
 + Level 8.1 Polearms
 + Level 8.1 Staves
 + Level 8.1 Ranged Weapons
 + Level 8.1 Throwing
 + Level 8.1 Armour
 + Level 8.6 Dodging
 + Level 8.1 Stealth
 + Level 8.1 Shields
 + Level 8.1 Unarmed Combat
 + Level 8.6 Spellcasting
 + Level 6.7 Conjurations
 + Level 6.7 Hexes
 + Level 6.7 Summonings
 + Level 6.7 Necromancy
 + Level 6.7 Translocations
 + Level 6.7 Transmutations
 + Level 6.7 Fire Magic
 + Level 6.7 Ice Magic
 + Level 6.7 Air Magic
 + Level 6.7 Earth Magic
 + Level 6.7 Poison Magic
 + Level 9.3 Invocations
 + Level 8.1 Evocations
 + Level 6.7 Shapeshifting


You had 15 spell levels left.
You knew the following spells:

 Your Spells              Type           Power      Damage    Failure   Level
a - Foxfire               Conj/Fire      48%        2x1d6     1%          1
b - Iskenderun's Mystic   Conj/Tloc      12%        2d5       16%         4
c - Summon Lightning Spi  Summ/Air       12%        N/A       16%         4
d - Fireball              Conj/Fire      6%         3d5       41%         5

Your spell library contained the following spells:

 Spells                   Type           Power      Damage    Failure   Level
 Apportation              Tloc           24%        N/A       1%          1
 Kiss of Death            Conj/Necr      48%        2d9       1%          1
 Necrotise                Necr           48%        1d6       1%          1
 Summon Small Mammal      Summ           48%        N/A       1%          1
 Static Discharge         Conj/Air       24%        2-3/arc   2%          2
 Sublimation of Blood     Necr           12%        N/A       2%          2
 Wereblood                Tmut           12%        N/A       2%          2
 Confusing Touch          Hex            12%        N/A       4%          3
 Inner Flame              Hex/Fire       12%        N/A       4%          3
 Volatile Blastmotes      Fire/Tloc      24%        2d12      4%          3
 Airstrike                Air            6%         2d(1-17)  16%         4
 Cause Fear               Hex            6%         N/A       16%         4
 Dispel Undead            Necr           12%        3d9       16%         4
 Fulminant Prism          Conj/Hex       6%         3d7       16%         4
 Yara's Violent Unravell  Hex/Tmut       6%         3d5       41%         5
 Plasma Beam              Fire/Air       6%         2x1d16    94%         6
 Starburst                Conj/Fire      6%         6d4       94%         6
 Enfeeble                 Hex            6%         N/A       100%        7
 Summon Hydra             Summ           6%         N/A       100%        7
 Dragon's Call            Summ           6%         N/A       100%        9


Dungeon Overview and Level Annotations

Branches:
Dungeon (13/15)            Temple (0/1) D:7            Lair (0/5) D:9
    Orc (0/2) D:11          Sewer (visited)         Ossuary (visited)
  IceCv (1/1)
 Vaults: D:13-14

Altars:
Ashenzari
Dithmenos
Elyvilon
Gozag
Hepliaklqana
Okawaru

Shops:
D:1 (   D:5 [   D:8 *

Portals:
Trove: D:12 (give +2 shadow dragon scales)


Innate Abilities, Weirdness & Mutations

You have very sharp teeth.
Your uncanny sense of smell can sniff out nearby items.
Your experience applies equally to all skills.
Your body sometimes deteriorates upon taking damage.


Message History

* * * LOW HITPOINT WARNING * * *
As you read the scroll of teleportation, it crumbles to dust.
You feel strangely unstable.
Casting: Foxfire (safe; 1% risk of failure)
Confirm with . or Enter, or press ? or * to list all spells.
You conjure some foxfire!
The reaper hits you from afar with a +2 scythe of freezing!
Elyvilon protects you from harm! The reaper freezes you.
* * * LOW HITPOINT WARNING * * *
Casting: Foxfire (safe; 1% risk of failure)
Confirm with . or Enter, or press ? or * to list all spells.
You conjure some foxfire!
The foxfire hits the reaper.
The reaper is burned terribly!
The reaper is lightly wounded.
The foxfire hits the reaper but does no damage.
The reaper is lightly wounded.
The reaper misses you.
Casting: Foxfire (safe; 1% risk of failure)
Confirm with . or Enter, or press ? or * to list all spells.
You conjure some foxfire!
The foxfire hits the reaper but does no damage.
The reaper is lightly wounded.
Casting: Foxfire (safe; 1% risk of failure)
Confirm with . or Enter, or press ? or * to list all spells.
You conjure some foxfire!
The foxfire hits the reaper but does no damage.
The reaper is lightly wounded.
The foxfire hits the reaper but does no damage.
The reaper is lightly wounded.
The foxfire hits the reaper but does no damage.
The reaper is lightly wounded.
You block the reaper's attack.
Casting: Foxfire (safe; 1% risk of failure)
Confirm with . or Enter, or press ? or * to list all spells.
You conjure some foxfire!
The foxfire hits the reaper but does no damage.
The reaper is lightly wounded.
The reaper hits you from afar with a +2 scythe of freezing!!!
You die...

# #........#
###.......## ###
.#.....#.#..##..
......##.#..##.)
....###..#..##..
#...#...#....##.
#...#§.§§.....#v##
#...#..☼####..#v§#
#.....#..○°.☼.2v@#
#..#.○...°°○..#.$#
#..##.○#.#☼##§#.##
≈...#.##.#§.# #.
≈#....#..##..#..
≈##..##...#.##.[
###.......####.. #
##......# ### #
#.....##


You could see a reaper (ally target).

Vanquished Creatures
  5 two-headed ogres
  2 boulder beetles
  4 skeletal warriors (D:13)
  A deep elf pyromancer (D:10)
  An ugly thing (D:12)
  A cyclops (D:11)
  2 ice statues (IceCv)
  A gargoyle (D:10)
  A kobold demonologist (D:13)
  An unseen horror (D:11)
  A yaktaur (D:13)
  4 ice devils (IceCv)
  5 trolls
  4 wraiths
  A shadow (D:10)
  7 yaks (D:10)
  A water elemental (D:10)
  A wyvern (D:9)
  6 slime creatures
  2 death yak simulacra (IceCv)
  4 vampire mosquitoes
  Edmund (D:6)
  An acid dragon (D:11)
  A water moccasin (D:5)
  Duvessa (D:5)
  4 orc warriors
  A sky beast (D:8)
  5 black bears
  An ice beast (D:6)
  An ogre (D:6)
  A centaur (D:9)
  A phantom (D:5)
  3 elf zombies (Ossuary)
  3 kobold brigands
  5 bullfrogs
  Blork the orc (D:4)
  2 scorpions
  A cane toad simulacrum (IceCv)
  3 two-headed ogre simulacra (IceCv)
  A gnoll sergeant (D:12)
  3 wights (D:9)
  Dowan (D:5)
  A killer bee (D:8)
  6 howler monkeys
  7 electric eels
  3 jellies
  A centaur zombie (Ossuary)
  5 orc priests
  2 gnoll boudas
  2 hounds
  A human zombie (Ossuary)
  Crazy Yiuf (D:6)
  2 sleepcaps
  3 iguanas
  7 orc wizards
  3 polar bear simulacra (IceCv)
  4 spriggan simulacra (IceCv)
  4 troll simulacra (D:13)
  3 wolf simulacra (IceCv)
  A nameless horror (IceCv)
  2 mummies (Ossuary)
  15 gnolls
  3 naga simulacra
  9 adders
  3 river rats (Sewer)
  5 white imps
  An ufetubus (D:5)
  2 adder zombies (Ossuary)
  A worm (D:2)
  2 dart slugs
  45 orcs
  4 bats
  5 endoplasms
  4 giant cockroaches
  4 goblins
  5 hobgoblins
  10 jackals
  21 kobolds
  2 quokkas (D:1)
  5 ball pythons
  4 frilled lizards
  4 hobgoblin zombies (Ossuary)
  3 jackal zombies (Ossuary)
  15 kobold zombies (Ossuary)
  8 orc zombies (Ossuary)
  7 rats
341 creatures vanquished.

Vanquished Creatures (collateral kills)
  A two-headed ogre (D:12)
  3 ice devils (IceCv)
  2 yaktaurs (D:13)
  A slime creature (D:13)
  A hydra simulacrum (IceCv)
  An ice beast (D:5)
  A centaur (D:12)
  3 two-headed ogre simulacra
  A hound (D:5)
  A troll simulacrum (D:13)
  A white imp (IceCv)
  2 ufetubi (IceCv)
  2 orcs (D:5)
  8 foxfires
28 creatures vanquished.

Vanquished Creatures (others)
  2 killer bees (D:8)
  A kobold (D:9)
  802 foxfires
805 creatures vanquished.

Grand Total: 1174 creatures vanquished

Notes
Turn   | Place    | Note
-------+----------+-------------------------------------------
     0 | D:1      | arthad the Gnoll Wanderer began the quest for the Orb.
     0 | D:1      | arthad set off with the following items: a +2 short sword,
                  | a +0 mace, a +0 pair of boots, a scroll of blinking, a +0
                  | robe.
     0 | D:1      | Reached XP level 1. HP: 20/20 MP: 4/4
   131 | D:1      | Reached XP level 2. HP: 24/26 MP: 5/5
   404 | D:1      | Reached XP level 3. HP: 28/31 MP: 7/7
   445 | D:1      | Found Moet Xoa's Weapon Emporium.
   505 | D:2      | Found a faded altar of an unknown god.
   571 | D:2      | Prayed at the altar of an unknown god.
   571 | D:2      | Became a worshipper of Elyvilon the Healer
   571 | D:2      | Reached * piety under Elyvilon
   872 | D:2      | Reached skill level 1 in Long Blades
   872 | D:2      | Reached skill level 1 in Axes
   872 | D:2      | Reached skill level 1 in Polearms
   872 | D:2      | Reached skill level 1 in Staves
   872 | D:2      | Reached skill level 1 in Ranged Weapons
   872 | D:2      | Reached skill level 1 in Throwing
   872 | D:2      | Reached skill level 1 in Armour
   872 | D:2      | Reached skill level 1 in Stealth
   872 | D:2      | Reached skill level 1 in Shields
   872 | D:2      | Reached skill level 1 in Unarmed Combat
   872 | D:2      | Reached skill level 1 in Evocations
  1038 | D:2      | Reached XP level 4. HP: 33/38 MP: 8/8
  1106 | D:2      | Found a shadowy altar of Dithmenos.
  1205 | D:3      | Reached ** piety under Elyvilon
  1232 | D:3      | Found a faded altar of an unknown god.
  1236 | D:3      | Found an opulent altar of Gozag.
  1456 | D:3      | Reached skill level 1 in Conjurations
  1456 | D:3      | Reached skill level 1 in Hexes
  1456 | D:3      | Reached skill level 1 in Summonings
  1456 | D:3      | Reached skill level 1 in Necromancy
  1456 | D:3      | Reached skill level 1 in Translocations
  1456 | D:3      | Reached skill level 1 in Transmutations
  1456 | D:3      | Reached skill level 1 in Fire Magic
  1456 | D:3      | Reached skill level 1 in Ice Magic
  1456 | D:3      | Reached skill level 1 in Air Magic
  1456 | D:3      | Reached skill level 1 in Earth Magic
  1456 | D:3      | Reached skill level 1 in Poison Magic
  1456 | D:3      | Reached skill level 1 in Shapeshifting
  1524 | D:3      | Found a hazy altar of Hepliaklqana.
  1818 | D:4      | Noticed a scorpion
  1860 | D:3      | Reached XP level 5. HP: 32/43 MP: 9/9
  2002 | D:4      | Reached *** piety under Elyvilon
  2040 | D:4      | Noticed Blork the orc
  2061 | D:4      | Killed Blork the orc
  2062 | D:4      | Reached skill level 5 in Fighting
  2062 | D:4      | Reached skill level 5 in Maces & Flails
  2062 | D:4      | Reached XP level 6. HP: 35/51 MP: 9/11
  2629 | D:5      | Entered Level 5 of the Dungeon
  2827 | D:5      | Noticed an ice beast
  2903 | D:5      | Pacified an ice beast
  2904 | D:5      | Reached skill level 7 in Short Blades
  2904 | D:5      | Reached XP level 7. HP: 38/56 MP: 5/12
  2922 | D:5      | Found a sand-covered staircase.
  2955 | Ossuary  | Entered an ossuary
  3404 | Ossuary  | Reached XP level 8. HP: 50/63 MP: 14/14
  3636 | D:5      | Found Enayntan's Antique Armour Shop.
  4249 | D:5      | Noticed Duvessa
  4252 | D:5      | Noticed Dowan
  4275 | D:5      | Killed Duvessa
  4285 | D:5      | Killed Dowan
  4809 | D:6      | Found a glowing drain.
  4867 | Sewer    | Entered a sewer
  5068 | Sewer    | Found a white marble altar of Elyvilon.
  5277 | D:6      | Reached skill level 5 in Invocations
  5313 | D:6      | Reached XP level 9. HP: 69/69 MP: 16/16
  5320 | D:6      | Learned a level 1 spell: Foxfire
  5392 | D:6      | Reached skill level 5 in Spellcasting
  5654 | D:6      | Noticed Edmund
  5681 | D:6      | Killed Edmund
  5682 | D:6      | Reached skill level 5 in Dodging
  6282 | D:6      | Found a runed translucent door.
  6283 | D:6      | Noticed Crazy Yiuf
  6303 | D:6      | Killed Crazy Yiuf
  6488 | D:7      | Found a staircase to the Ecumenical Temple.
  6522 | D:7      | Reached skill level 8 in Short Blades
  7145 | D:7      | Found a broken altar of Ashenzari.
  7211 | D:7      | Reached **** piety under Elyvilon
  7741 | D:8      | Found Zussoko's General Store.
  7749 | D:8      | Bought a potion of curing for 33 gold pieces
  8301 | D:8      | Reached XP level 10. HP: 63/77 MP: 9/18
  9066 | D:9      | Reached skill level 5 in Long Blades
  9066 | D:9      | Reached skill level 5 in Axes
  9066 | D:9      | Reached skill level 5 in Polearms
  9066 | D:9      | Reached skill level 5 in Staves
  9066 | D:9      | Reached skill level 5 in Ranged Weapons
  9066 | D:9      | Reached skill level 5 in Throwing
  9066 | D:9      | Reached skill level 5 in Armour
  9066 | D:9      | Reached skill level 5 in Stealth
  9066 | D:9      | Reached skill level 5 in Shields
  9066 | D:9      | Reached skill level 5 in Unarmed Combat
  9066 | D:9      | Reached skill level 5 in Evocations
  9274 | D:9      | Noticed a two-headed ogre
  9295 | D:9      | Killed a two-headed ogre
  9459 | D:9      | Found a staircase to the Lair.
  9975 | D:9      | Noticed a two-headed ogre
 10360 | D:9      | Killed a two-headed ogre
 10541 | D:10     | Entered Level 10 of the Dungeon
 10932 | D:10     | Reached XP level 11. HP: 47/84 MP: 20/20
 10949 | D:10     | Reached skill level 9 in Short Blades
 11132 | D:10     | Reached skill level 5 in Conjurations
 11132 | D:10     | Reached skill level 5 in Hexes
 11132 | D:10     | Reached skill level 5 in Summonings
 11132 | D:10     | Reached skill level 5 in Necromancy
 11132 | D:10     | Reached skill level 5 in Translocations
 11132 | D:10     | Reached skill level 5 in Transmutations
 11132 | D:10     | Reached skill level 5 in Fire Magic
 11132 | D:10     | Reached skill level 5 in Ice Magic
 11132 | D:10     | Reached skill level 5 in Air Magic
 11132 | D:10     | Reached skill level 5 in Earth Magic
 11132 | D:10     | Reached skill level 5 in Poison Magic
 11132 | D:10     | Reached skill level 5 in Shapeshifting
 11754 | D:10     | Noticed a deep elf pyromancer
 11756 | D:10     | Found an iron altar of Okawaru.
 11761 | D:10     | Killed a deep elf pyromancer
 11857 | D:10     | Reached ***** piety under Elyvilon
 11908 | D:11     | Noticed a two-headed ogre
 11917 | D:11     | Killed a two-headed ogre
 11984 | D:11     | Noticed a two-headed ogre
 12003 | D:11     | Killed a two-headed ogre
 12080 | D:11     | Noticed a boulder beetle
 12091 | D:11     | Killed a boulder beetle
 12380 | D:11     | Noticed a cyclops
 12398 | D:11     | Killed a cyclops
 12916 | D:11     | Found a staircase to the Orcish Mines.
 13759 | D:12     | Learned a level 4 spell: Iskenderun's Mystic Blast
 13764 | D:12     | Learned a level 4 spell: Summon Lightning Spire
 13888 | D:12     | Reached XP level 12. HP: 78/94 MP: 3/23
 14023 | D:12     | Noticed a sun demon
 14030 | D:12     | Gained mutation: Your body sometimes deteriorates upon
                  | taking damage. [a neqoxec]
 14235 | D:12     | Noticed a two-headed ogre
 14263 | D:12     | Killed a two-headed ogre
 14563 | D:12     | Found a broken altar of Ashenzari.
 14612 | D:12     | Noticed a boulder beetle
 14651 | D:12     | Killed a boulder beetle
 15167 | D:12     | Found a portal to a secret trove of treasure.
 15234 | D:13     | Noticed a two-headed ogre
 15240 | D:13     | Killed a two-headed ogre
 15241 | D:13     | Reached skill level 10 in Short Blades
 15244 | D:13     | Noticed a two-headed ogre
 15244 | D:13     | Noticed an ogre mage
 15245 | D:13     | Noticed a soul eater
 15548 | D:13     | Found a frozen archway.
 15681 | IceCv    | Entered an ice cave
 16582 | IceCv    | Reached XP level 13. HP: 44/101 MP: 1/25
 16616 | IceCv    | Learned a level 5 spell: Fireball
 17143 | IceCv    | Noticed a reaper
 17403 | IceCv    | HP: 2/101 [reaper/+2 scythe of freezing (32)]
 17403 | IceCv    | Elyvilon protects you from harm!
 17406 | IceCv    | Elyvilon protects you from harm!
 17410 | IceCv    | Annihilated by a reaper

Illustrated notes

Levels and vault maps discovered:
D:1:      enne_arrival_octagon_isle, layout_rooms, serial_shops,
          nicolae_shop_real_fake_doors
D:2:      layout_rooms, basic_altar, shapermc_ecumenical_altar_ellora
D:3:      layout_rooms, nicolae_overflow_ecumenical_swirl,
          nicolae_hepliaklqana_hazy_memory
D:4:      nicolae_cairo_tiling_large, layout_loops_ring, minmay_misc_feat_five,
          uniq_blork_the_orc
D:5:      layout_loops_ring, nicolae_ossuary_entry_plus, serial_shops,
          nicolae_shop_tiny_real_fake_doors, uniq_duvessa
D:6:      layout_basic, cheibrodos_sewer_entry_drain, uniq_edmund,
          uniq_crazy_yiuf_cottage
D:7:      layout_loops_ring, mainiacjoe_overflow_24_doors,
          minmay_temple_entry_mini_moons, minmay_splitting_lines
D:8:      layout_basic, serial_shops, shop
D:9:      layout_long_grid, grunt_lair_entry_orc_guard_hut
D:10:     layout_irregular_city, okawaru_gym_becter, serial_glass,
          glass_columns_c, glass_columns_c, minmay_strange_pillars,
          feat_on_display, chequers_decorated_corner, mrwooster_statue_mirror,
          fungi_pond_lemuel
D:11:     layout_basic, orc_0_dummy
D:12:     layout_big_octagon, enter_trove_3, nicolae_ashenzari_skybound
D:13:     layout_cave_pods, david_vaults_2, portal_ice_cave_entry_ice_simulacra,
          serial_column_ruins, column_ruins_hut, column_ruins_grid_1,
          column_ruins_columns_straight, column_ruins_open_small,
          column_ruins_grid_4, column_ruins_grid_1, uniq_sonja
IceCv:    ice_cave_small_demon

Skill      XL: |  1  2  3  4  5  6  7  8  9 10 11 12 |
---------------+-------------------------------------+-----
Long Blades    | 1 2 3 4 5 6 8 |  8.1
Axes           | 1 2 3 4 5 6 8 |  8.1
Polearms       | 1 2 3 4 5 6 8 |  8.1
Staves         | 1 2 3 4 5 6 8 |  8.1
Ranged Weapons | 1 2 3 4 5 6 8 |  8.1
Throwing       | 1 2 3 4 5 6 8 |  8.1
Armour         | 1 2 3 4 5 6 8 |  8.1
Stealth        | 1 2 3 4 5 6 8 |  8.1
Shields        | 1 2 3 4 5 6 8 |  8.1
Unarmed Combat | 1 2 3 4 5 6 8 |  8.1
Evocations     | 1 2 3 4 5 6 8 |  8.1
Spellcasting   | 3 4 5 6 7 8 |  8.6
Conjurations   | 1 2 3 4 5 6 |  6.7
Hexes          | 1 2 3 4 5 6 |  6.7
Summonings     | 1 2 3 4 5 6 |  6.7
Necromancy     | 1 2 3 4 5 6 |  6.7
Translocations | 1 2 3 4 5 6 |  6.7
Transmutations | 1 2 3 4 5 6 |  6.7
Fire Magic     | 1 2 3 4 5 6 |  6.7
Ice Magic      | 1 2 3 4 5 6 |  6.7
Air Magic      | 1 2 3 4 5 6 |  6.7
Earth Magic    | 1 2 3 4 5 6 |  6.7
Poison Magic   | 1 2 3 4 5 6 |  6.7
Shapeshifting  | 1 2 3 4 5 6 |  6.7
Invocations    | 3 4 5 6 7 8 9 |  9.3
Dodging        | 3 4 5 6 7 8 |  8.6
Fighting       | 5 6 7 8 9 |  9.4
Maces & Flails | 5 6 7 8 9 |  9.4
Short Blades   | 7 8 9 10 | 10.5

Action                     |  1- 3 |  4- 6 |  7- 9 | 10-12 | 13-15 || total
---------------------------+-------+-------+-------+-------+-------++-------
  Melee: Short sword       |   131 |   250 |   276 |   493 |    40 ||  1190
         Bite              |    16 |    33 |    99 |    99 |     6 ||   253
         Punch             |     2 |     7 |    21 |    36 |       ||    66
         Dagger            |       |    47 |   494 |       |       ||   541
  Throw: Dart              |       |       |    18 |    44 |     1 ||    63
   Cast: Foxfire           |       |       |   118 |   294 |    33 ||   445
         Summon Lightning  |       |       |       |    19 |    13 ||    32
         Iskenderun's Myst |       |       |       |     4 |       ||     4
 Invoke: Heal Self         |       |     2 |     3 |    15 |     2 ||    22
         Heal Other        |       |     2 |     5 |     8 |       ||    15
         Purification      |       |       |     8 |       |       ||     8
  Evoke: Wand              |       |       |     3 |    31 |     1 ||    35
    Use: Potion            |       |     2 |     5 |     2 |     2 ||    11
         Scroll            |       |     9 |     6 |    11 |     2 ||    28
   Stab: Sleeping          |     1 |     3 |     7 |     2 |       ||    13
         Distracted        |       |       |     1 |     2 |     3 ||     6
 Armour: Robe              |    31 |    67 |   134 |   130 |     8 ||   370
  Dodge: Dodged            |    59 |   106 |   302 |   453 |    21 ||   941
  Block: Buckler           |       |       |       |       |    16 ||    16

Table legend: (Time is in decaauts)
 A = Elapsed time spent in this place.
 B = Non-inter-level travel time spent in this place.
 C = Inter-level travel time spent in this place.
 D = Time resting spent in this place.
 E = Time spent auto-exploring this place.
 F = Levels seen in this place.
 G = Mean time per level.
                   A        B        C        D        E       F      G
               +--------+--------+--------+--------+--------+-----+--------+
         Total |  16705 |  16276 |    429 |   1597 |  11384 |  16 | 1044.1 |
       Dungeon |  14423 |  13994 |    429 |    950 |  10421 |  13 | 1109.5 |
         Sewer |    272 |    272 |      0 |      0 |    160 |   1 |  272.0 |
       Ossuary |    345 |    345 |      0 |     11 |    154 |   1 |  345.0 |
      Ice Cave |   1663 |   1663 |      0 |    636 |    648 |   1 | 1663.0 |
               +--------+--------+--------+--------+--------+-----+--------+

Top non-repeatable levels by time:
   IceCv: 1663 daAuts
    D:11: 1623 daAuts
     D:9: 1579 daAuts
     D:5: 1487 daAuts
    D:10: 1477 daAuts
    D:12: 1471 daAuts
     D:8: 1432 daAuts
     D:6: 1382 daAuts
     D:7: 984 daAuts
     D:4: 880 daAuts
     D:2: 694 daAuts
     D:3: 476 daAuts
     D:1: 467 daAuts
    D:13: 466 daAuts
 Ossuary: 345 daAuts
